Map: Ascension to Aiur LE

Players

Yata - Winner!

  • Race: Zerg Zerg
  • Spawn Location: 5:00

A.I. 1 (Medium)

  • Race: Zerg Zerg
  • Spawn Location: 11:00

VOD

Have the link to the VOD?

Description

Time

  • Played on: July 7, 2017, 12:05 p.m.
  • Length: 12:48
Show
View Real Time Build Order
Export as new Build Order

Yata Zerg - Winner!

Build Orders: Hatch First 

Get SALT Encoding   

  12  0:01  Drone  
  13  0:12  Overlord  
  13  0:17  Drone  
  14  0:32  Drone  
  14  0:33  Drone  
  14  0:35  Drone  
  17  0:55  Hatchery  
  16  0:59  Drone  
  16  1:03  Drone  
  18  1:08  Extractor  
  18  1:09  Drone  
  18  1:27  Drone  
  18  1:32  Spawning Pool  
  18  1:36  Drone  
  19  1:44  Drone  
  20  2:06  Drone x2  
  20  2:08  Overlord  
  22  2:16  Drone  
  22  2:20  Metabolic Boost  
  22  2:22  Zergling x4  
  25  2:34  Baneling Nest  
  25  2:36  Queen  
  24  2:37  Queen  
  28  2:57  Drone  
  28  2:58  Drone x5  
  34  3:10  Drone x2  
  36  3:21  Overlord  
  36  3:22  Overlord  
  35  3:39  Extractor, Queen x2  
  38  3:44  Extractor  
  38  3:45  Extractor  
  36  4:04  Drone  
  36  4:05  Drone x4  
  36  4:06  Drone  
  36  4:07  Drone x2  
  44  4:44  Drone  
  44  4:45  Drone x5  
  50  5:07  Hatchery  
  49  5:30  Overlord x4  
  49  5:33  Zergling x2  
  49  5:34  Zergling x4  
  49  5:58  Zergling x2  
  49  5:59  Zergling x10  
  48  6:24  Zergling x8  
  48  6:25  Zergling x6  
  50  6:33  Queen  
  52  6:46  Baneling x5  
  52  6:47  Baneling x2  
  49  6:58  Zergling x12  
  49  7:16  Unknown  
  49  7:19  Zergling x2  
  49  7:20  Zergling x2  
  51  7:26  Drone  
  51  7:27  Drone  
  53  7:35  Roach Warren, Drone x2  
  54  7:57  Queen  
  54  7:58  Queen  
  58  8:02  Overlord  
  58  8:03  Overlord x2  
  60  8:18  Lair  
  58  8:24  Roach x8  
  74  8:36  Unknown  
  72  8:44  Roach x6  
  78  8:59  Overlord  
  78  9:00  Overlord x2  
  78  9:14  Drone x3  
  78  9:15  Drone x2  
  83  9:32  Hydralisk Den  
  83  9:36  Spire  
  80  9:40  Roach x9  
  80  9:41  Roach x3  
  98  10:14  Hydralisk x3  
  98  10:15  Hydralisk x8  
  98  10:18  Overlord  
  98  10:19  Overlord  
  120  10:26  Lurker Den  
  120  10:28  Glial Reconstitution  
  120  10:45  Ravager  
  120  10:46  Ravager  
  120  11:18  Hydralisk x6  
  120  11:19  Hydralisk x2  
  136  11:31  Evolution Chamber x2  
  132  11:39  Ravager  
  133  11:42  Overlord x2  
  133  11:43  Overlord x17  
  129  12:44  Hatchery  
Show
View Real Time Build Order
Export as new Build Order

A.I. 1 (Medium) Zerg 

Build Orders: Pool First 

Get SALT Encoding   

  12  0:00  Drone  
  13  0:12  Overlord  
  13  0:16  Drone  
  14  0:30  Drone  
  14  0:33  Drone  
  16  0:42  Spawning Pool  
  16  0:45  Drone  
  16  0:49  Drone  
  17  0:52  Extractor  
  17  0:55  Drone  
  17  1:05  Overlord  
  17  1:31  Zergling x2, Queen  
  20  1:38  Roach Warren, Drone  
  20  1:39  Extractor  
  19  1:41  Zergling x2  
  20  1:49  Drone  
  21  1:59  Drone  
  22  2:10  Overlord  
  22  2:21  Roach  
  24  2:32  Roach  
  26  2:42  Roach  
  28  2:44  Overlord  
  28  2:49  Drone  
  29  2:52  Roach  
  29  2:58  Drone  
  32  3:08  Drone  
  32  3:09  Baneling Nest  
  32  3:10  Roach  
  32  3:12  Drone  
  35  3:17  Drone  
  36  3:20  Drone  
  37  3:31  Roach  
  37  3:32  Evolution Chamber  
  38  3:41  Drone  
  38  3:43  Overlord  
  38  3:44  Drone  
  40  5:08  Overlord, Drone, Lair  
  40  5:10  Spore Crawler  
  40  5:11  Spore Crawler, Drone  
  40  5:14  Drone  
  41  5:16  Drone  
  41  5:17  Hatchery  
  41  5:34  Drone  
  42  5:43  Spine Crawler, Drone  
  42  5:50  Spine Crawler  
  42  5:52  Drone  
  42  5:55  Zergling x2  
  41  6:04  Queen  
  41  6:05  Overseer x2  
  41  6:10  Spire, Drone  
  43  6:11  Hydralisk Den  
  43  6:13  Infestation Pit, Drone  
  42  6:30  Drone  
  42  6:32  Spore Crawler  
  42  6:33  Drone  
  42  6:34  Evolution Chamber  
  42  6:36  Drone  
  42  6:39  Drone  
  44  6:40  Hydralisk  
  44  6:43  Drone  
  44  6:46  Drone  
  48  6:49  Drone  
  48  6:51  Hydralisk  
  48  6:52  Drone  
  50  6:54  Drone  
  50  6:57  Drone  
  50  7:00  Drone  
  51  7:02  Hydralisk  
  51  7:06  Drone  
  50  7:12  Drone  
  49  7:16  Drone  
  49  7:20  Hydralisk  
  49  7:21  Drone  
  51  7:24  Drone  
  51  7:27  Drone  
  51  7:28  Overlord  
  53  7:33  Drone  
  54  7:38  Drone  
  54  7:39  Spore Crawler  
  54  7:43  Roach, Drone  
  57  7:45  Drone  
  57  7:48  Drone  
  57  7:50  Overlord  
  59  7:51  Drone  
  59  7:54  Roach, Drone  
  59  7:55  Queen  
  65  8:02  Spine Crawler  
  65  8:04  Roach  
  65  8:05  Spine Crawler  
  65  8:15  Roach  
  67  8:26  Roach  
  67  8:58  Extractor  
  67  8:59  Extractor  
  65  9:10  Pneumatized Carapace  
  65  9:11  Hive, Overseer  
  65  9:12  Overlord x2, Zerg Ground Armor Level 1, Zerg Melee Weapons Level 1  
  65  9:21  Hatchery  
  65  9:22  Drone  
  65  9:30  Drone  
  66  9:33  Drone  
  67  9:44  Zergling x2  
  57  9:57  Hydralisk  
  51  10:06  Burrow  
  51  10:09  Hydralisk  
  53  10:22  Hydralisk  
  53  10:23  Greater Spire  
  53  10:27  Ultralisk Cavern  
  54  10:34  Drone, Queen  
  57  10:35  Hydralisk  
  57  10:36  Spore Crawler  
  57  10:37  Drone  
  57  10:38  Spore Crawler  
  57  10:40  Drone, Spore Crawler  
  55  10:43  Zergling x2, Drone  
  55  10:45  Extractor, Drone  
  55  10:48  Drone  
  55  10:50  Roach  
  55  10:51  Drone  
  55  10:54  Drone  
  57  10:57  Mutalisk  
  59  11:05  Zergling x2  
  57  11:12  Roach  
  53  11:19  Zergling x2  
  54  11:26  Overlord  
  54  11:27  Zergling x2  
  54  11:30  Overseer  
  53  11:34  Roach  
  46  11:41  Zergling x2  
  34  11:48  Mutalisk  
  34  11:56  Zergling x2  
  30  12:03  Zergling x2, Drone, Overseer x2  
  30  12:07  Drone x2  
  32  12:10  Drone  
  32  12:11  Roach  
  35  12:17  Mutalisk  
  35  12:22  Overseer  
  29  12:25  Zergling x2  
  29  12:28  Overlord  
  24  12:33  Drone  
  24  12:36  Drone  
Tags
 
Matchup
ZvZ
Race
Zerg
Replay Pack
Pack 1
Spawn Locations
Cross Positions
Add a new tag
Caveats
  • Supply blocks, unpowered buildings, or Contaminate may cause inaccurate times.
  • Supply counts are checked every 10 seconds.